 Seeded DCSS version 0.27.1-34-g3ba077fa99 (webtiles) character file.

Game seed: 20220127 (custom seed)

22 jessy the Covered (level 2, 0/27 HPs)
             Began as a Minotaur Fighter on Jan 27, 2022.
             Was an Initiate of Gozag.
             Succumbed to an adder's poison
             ... on level 2 of the Dungeon.
             The game lasted 00:06:41 (1732 turns).

jessy the Covered (Minotaur Fighter)                Turns: 1732, Time: 00:06:42

Health: 0/27       AC:  7    Str: 20    XL:     2   Next: 68%
Magic:  1/1        EV:  7    Int:  5    God:    Gozag
Gold:   115        SH:  9    Dex:  9    Spells: 1/1 levels left

rFire    . . .     SeeInvis .   n - +0 morningstar (protect)
rCold    . . .     Faith    .   c - +0 kite shield
rNeg     . . .     Spirit   .   b - +0 scale mail
rPois    .         Reflect  .   (helmet restricted)
rElec    .         Harm     .   (no cloak)
rCorr    .         Rampage  .   (no gloves)
Will     .....                  (no boots)
Stlth    ..........             (no amulet)
HPRegen  0.09/turn              (no ring)
MPRegen  0.07/turn              (no ring)

@: mighty, lethally poisoned (0 -> -5)
A: horns 2, retaliatory headbutt
a: Renounce Religion, Potion Petition, Call Merchant, Bribe Branch


You were on level 2 of the Dungeon.
You worshipped Gozag.
Gozag was aware of your devotion.
You visited 1 branch of the dungeon, and saw 2 of its levels.

You collected 115 gold pieces.

Inventory:

Hand Weapons
 a - a +0 war axe
 f - a +1 dagger of electrocution
 n - a +0 morningstar of protection (weapon)
Missiles
 g - 17 arrows
 l - 2 throwing nets (quivered)
Armour
 b - a +0 scale mail (worn)
 c - a +0 kite shield (worn)
 k - a +0 ring mail
Scrolls
 e - a scroll of noise {unknown}
 h - a scroll of enchant armour {unknown}
 i - 2 scrolls of identify {unknown}
 j - 3 scrolls of enchant weapon {unknown}
 m - a scroll of magic mapping {unknown}


   Skills:
 + Level 4.0 Fighting
 + Level 2.7 Axes
 + Level 4.0 Armour
 + Level 0.2 Dodging
 + Level 3.9 Shields


You had one spell level left.
You didn't know any spells.
Your spell library was empty.

Dungeon Overview and Level Annotations

Branches:
Dungeon (2/15)

Altars:
Gozag

Shops:
D:1 =   D:2 !


Innate Abilities, Weirdness & Mutations

You have a pair of horns on your head.
You reflexively headbutt those who attack you in melee.


Message History

You sock the adder!
Your weapon exudes an aura of protection.
The adder is almost dead.
The adder bites you but does no damage. The adder closely misses you.
You closely miss the adder.
The adder is almost dead.
You block the adder's attack. The adder completely misses you.
You furiously retaliate!
You headbutt the adder, but do no damage.
The adder closely misses you.
Your shield prevents you from hitting the adder.
The adder is almost dead.
The adder bites you. x2
You are poisoned.
The adder poisons you!
You barely miss the adder.
The adder is almost dead.
You feel sick. The adder bites you but does no damage. The adder bites you.
The worm bites you.
You miss the adder.
You headbutt the adder, but do no damage.
The adder is almost dead.
You feel sick. The adder bites you but does no damage.
You block the adder's attack. The worm bites you.
* * * LOW HITPOINT WARNING * * *
You miss the adder. Your headbutt misses the adder.
The adder is almost dead.
You feel sick.
You are no longer poisoned.
The adder barely misses you. The adder bites you.
* * * LOW HITPOINT WARNING * * *
You are lethally poisoned!
The adder poisons you! The worm bites you but does no damage.
You feel very mighty all of a sudden.
* * * LOW HITPOINT WARNING * * *
You feel sick. You block the adder's attack.
You closely miss the adder. Your headbutt misses the adder.
The adder is almost dead.
You die...
Your body crumbles into a pile of gold.

# #....... #.
#......... #..
#........ #.#
#.....<. #..##
#...... #...####
#.....
...###.w..#####.# .#
#.....S@.......##.#
...###....#####....#
#...##### #..###
#..## #>## #..#
#.######.§###)##
#..#..<...8§§§..#
#.##..###.§§.§..# #
#.#...#.§§§§#.#
...#.###..#8P.§#.#


You could see a worm and an adder.

Vanquished Creatures
  A bat zombie (D:2)
  A giant cockroach (D:1)
  2 hobgoblins (D:1)
  4 jackals
  A quokka (D:1)
  3 ball pythons
  A bat (D:2)
  A frilled lizard (D:2)
  3 goblins
  2 kobolds (D:1)
  A quokka skeleton (D:2)
20 creatures vanquished.

Vanquished Creatures (others)
  3 withered plants (D:2)
3 creatures vanquished.

Grand Total: 23 creatures vanquished

Notes
Turn   | Place    | Note
-------+----------+-------------------------------------------
     0 | D:1      | jessy the Minotaur Fighter began the quest for the Orb.
     0 | D:1      | Reached XP level 1. HP: 19/19 MP: 0/0
   318 | D:1      | Found Buffam's Jewellery Emporium.
   545 | D:1      | Reached XP level 2. HP: 26/27 MP: 1/1
   573 | D:1      | Found a faded altar of an unknown god.
   581 | D:1      | Became a worshipper of Gozag Ym Sagoz the Greedy
  1498 | D:2      | Found Cuira's Distillery.
  1732 | D:2      | Succumbed to an adder's poison

Illustrated notes

Levels and vault maps discovered:
D:1:      onia_arrival_mini_spirals, layout_basic, serial_shops, shop,
          dreamdust_ecumenical_altar_angels_and_demons
D:2:      minmay_general_purpose_star, layout_rooms, basic_altar, serial_undead,
          serial_undead_b, serial_undead_b, serial_undead_f, serial_undead_e,
          serial_shops, shop, minmay_tree_intersection, uniq_robin

Skill      XL: |  1  2 |
---------------+-------+-----
Armour         | 4 |  4.0
Fighting       | 4 |  4.0
Axes           | |  2.7
Dodging        | |  0.2
Shields        | |  3.9

Action                   || total
-------------------------++-------
Melee: War axe           ||    61
       Headbutt          ||     4
       Morningstar       ||     8
  Use: Potion            ||     1
Armor: Scale mail        ||    40
Dodge: Dodged            ||    20
Block: Kite shield       ||    40
